 Dungeon Crawl Stone Soup version 0.30-b1-2-g02819fbbbe (webtiles) character file.

Game seed: 6885926948916176197

77 prikolics the Grasshopper (level 4, 0/39 HPs)
             Began as a Naga Warper on Aug 11, 2023.
             Slain by a gnoll
             ... wielding a +0 halberd
              (11 damage)
             ... on level 4 of the Dungeon.
             The game lasted 00:10:07 (1738 turns).

prikolics the Grasshopper (Naga Warper)             Turns: 1738, Time: 00:10:08

Health: 0/39       AC:  2    Str: 14    XL:     4   Next: 33%
Magic:  3/7        EV:  9    Int: 15    God:
Gold:   160        SH:  0    Dex: 10    Spells: 5/7 levels left

rFire   . . .        a - +0 spear
rCold   . . .        (no shield)
rNeg    . . .        b - +0 leather armour
rPois   +            (no helmet)
rElec   .            (no cloak)
rCorr   .            (no gloves)
SInv    +            (no barding)
Will    +....        (no amulet)
Stlth   ++           r - ring of willpower
HPRegen 0.26/turn    (no ring)
MPRegen 0.10/turn

%: no passive effects
@: on blink cooldown, very slow
A: AC +1, large, see invisible, deformed body, poison resistance, slowness 2,
spit poison 1, naga tail 1
a: Spit Poison


You were on level 4 of the Dungeon.
You visited 1 branch of the dungeon, and saw 4 of its levels.

You collected 160 gold pieces.

Inventory:

Hand Weapons
 a - a +0 spear (weapon)
 e - a +2 antimagic sling
Missiles
 d - 7 boomerangs of dispersal
 f - 38 stones
 l - 4 poisoned darts
 u - 2 javelins (quivered)
Armour
 b - a +0 leather armour (worn)
Jewellery
 r - a ring of willpower (left hand)
Scrolls
 c - 2 scrolls of blinking
 i - a scroll of fear {unknown}
 m - 2 scrolls of amnesia {unknown}
 o - a scroll of enchant weapon {unknown}
 p - 2 scrolls of fog {unknown}
 q - 2 scrolls of immolation {unknown}
 s - a scroll of enchant armour {unknown}
 t - a scroll of acquirement {unknown}
Potions
 g - 2 potions of ambrosia {unknown}
 h - a potion of cancellation {unknown}
 j - a potion of curing
 k - 2 potions of lignification {unknown}
 n - a potion of haste {unknown}


   Skills:
 + Level 2.2 Fighting
 + Level 2.4 Polearms
 + Level 1.0 Throwing
 - Level 0.7 Armour
 + Level 1.6 Dodging
 * Level 3.2 Stealth
 + Level 2.1 Spellcasting
 * Level 3.8 Translocations


You had 5 spell levels left.
You knew the following spells:

 Your Spells              Type           Power      Damage    Failure   Level
a - Blink                 Tloc           26%        N/A       9%          2

Your spell library contained the following spells:

 Spells                   Type           Power      Damage    Failure   Level
 Lesser Beckoning         Tloc           26%        N/A       9%          2
 Teleport Other           Tloc           13%        N/A       17%         3
 Momentum Strike          Conj/Tloc      14%        3d8       19%         2
 Vhi's Electric Charge    Tloc/Air       14%        N/A       36%         3
 Ensorcelled Hibernation  Hex/Ice        2%         N/A       38%         2
 Manifold Assault         Tloc           13%        N/A       50%         4
 Spider Form              Tmut/Pois      1%         N/A       63%         3
 Anguish                  Hex/Necr       0%         N/A       95%         4
 Storm Form               Tmut/Air       0%         N/A       100%        7


Dungeon Overview and Level Annotations

Branches:
Dungeon (4/15)
 Temple: D:4-7

Altars:
Trog

Annotations:
D:3 Sigmund


Innate Abilities, Weirdness & Mutations

Your serpentine skin is tough. (AC +1)
You have supernaturally acute eyesight. (SInv)
Armour fits poorly on your strangely shaped body.
Your system is resistant to poisons. (rPois)
You cover ground very slowly.
You can spit poison.
You have a snake-like lower body.


Message History

The gnoll looks more healthy.
You barely miss the gnoll.
The gnoll is heavily wounded.
The gnoll closely misses you.
The kobold hits you with a +1 vampiric dagger.
The gnoll hits you with a +0 whip.
You closely miss the gnoll.
The gnoll is heavily wounded.
The gnoll barely misses you. The gnoll closely misses you.
The kobold hits you with a +1 vampiric dagger.
The gnoll hits you with a +0 whip!
It was a potion of curing.
You feel better.
You feel stable enough to blink again. The kobold barely misses you.
The gnoll hits you from afar with a +0 halberd.
The gnoll closely misses you. The gnoll hits you with a +0 whip.
Casting: Blink (safe; 9% risk of failure)
Confirm with . or Enter, or press ? or * to list all spells.
You blink.
Found 10 gold pieces.
Found a bloodstained altar of Trog.
Okay, then.
Throw: 4 javelins
Press: ? - help, Q - select action, (/) - cycle Shift-Dir - straight line, f - gnoll, p - gnoll
Aim: a gnoll, wielding a +0 halberd (60% to hit)
You throw a javelin. The javelin pierces through the gnoll!
The gnoll is severely wounded.
The javelin barely misses the gnoll.
The javelin pierces through the kobold.
You kill the kobold!
You have got your breath back.
Throw: 3 javelins
Press: ? - help, Q - select action, (/) - cycle Shift-Dir - straight line, f/p - gnoll
Aim: a gnoll, wielding a +0 halberd (severely wounded, 60% to hit)
You throw a javelin. The javelin pierces through the gnoll.
The gnoll is severely wounded.
The javelin pierces through the gnoll.
The gnoll is heavily wounded.
The gnoll hits you from afar with a +0 halberd.
The gnoll hits you from afar with a +0 spear!
* * * LOW HITPOINT WARNING * * *
The gnoll hits you from afar with a +0 halberd!
You die...

# ###.###
#########.......
#..........≈≈.≈≈
#(§)..gg@≈..≈.≈.
#.....g..≈≈.....
#....[......._..
#........≈≈.....
#....<...≈..≈.≈.
#..........≈≈.≈≈
#########....$..
..##.##


You could see 3 gnolls.

Vanquished Creatures
  Jessica (D:2)
  2 dart slugs
  5 ball pythons
  4 bats
  6 endoplasms
  A giant cockroach (D:1)
  A goblin (D:2)
  4 hobgoblins
  4 jackals (D:1)
  7 kobolds
  3 quokkas
  2 frilled lizards
  5 rats
45 creatures vanquished.

Notes
Turn   | Place    | Note
-------+----------+-------------------------------------------
     0 | D:1      | prikolics the Naga Warper began the quest for the Orb.
     0 | D:1      | Reached XP level 1. HP: 19/19 MP: 3/3
   179 | D:1      | Reached skill level 1 in Stealth
   181 | D:1      | Reached XP level 2. HP: 23/26 MP: 5/5
   192 | D:1      | Learned a level 2 spell: Blink
   224 | D:1      | Reached skill level 1 in Throwing
   652 | D:1      | Reached XP level 3. HP: 25/32 MP: 6/6
  1267 | D:2      | Noticed Jessica
  1306 | D:3      | Noticed Sigmund
  1346 | D:2      | Killed Jessica
  1347 | D:2      | Reached XP level 4. HP: 39/39 MP: 7/7
  1736 | D:4      | Found a bloodstained altar of Trog.
  1738 | D:4      | Slain by a gnoll

Illustrated notes

Levels and vault maps discovered:
D:1:      heliophobic_arrival_enchanted_forest, layout_basic
D:2:      layout_basic, minmay_pentomino_t2, uniq_jessica
D:3:      layout_loops_ring, mainiacjoe_overflow_big_doors, uniq_sigmund
D:4:      layout_loops_cross, mainiacjoe_overflow_small_starburst,
          uniq_blork_the_orc

Skill      XL: |  1  2  3 |
---------------+----------+-----
Stealth        | 1 2 3 |  3.2
Throwing       | 1 |  1.0
Fighting       | |  2.2
Polearms       | |  2.4
Armour         | |  0.7
Dodging        | |  1.6
Spellcasting   | |  2.1
Translocations | |  3.8

Action                     |  1- 3 |  4- 6 || total
---------------------------+-------+-------++-------
  Melee: Spear             |    71 |    21 ||    92
  Throw: Stone             |     3 |       ||     3
         Dart              |     3 |       ||     3
         Javelin           |       |     4 ||     4
   Cast: Blink             |       |     2 ||     2
Ability: Spit Poison       |    27 |     9 ||    36
    Use: Potion            |       |     1 ||     1
   Stab: Sleeping          |       |     1 ||     1
 Armour: Leather armour    |    12 |     9 ||    21
  Dodge: Dodged            |    34 |    10 ||    44
